TOP OF THE 1ST |
Athletic Club KC Academy batting - Pitching for Asheville Highlanders : RHP Ipe Talboom
|
Pitching: RHP Ipe Talboom
|
|
Batting: RHB Jesús Vargas
|
0-0: Foul Ball, location: 2F 0-1: Ball 1-1: Ball 2-1: Foul Ball, location: 2F 2-2: Fly out, F8 (Flyball, 8RM)
|
Batting: LHB Tony García
|
0-0: Ball 1-0: Ball 2-0: Foul Ball, location: 2F 2-1: Ball 3-1: Swinging Strike 3-2: Strikes out swinging
|
Batting: LHB Tsai Ng
|
0-0: Foul Ball, location: 2F 0-1: Foul Ball, location: 2F 0-2: Ball 1-2: SINGLE (Line Drive, 7S)
|
Batting: LHB Matt Herman
|
0-0: Ball 1-0: Ball 2-0: Ball 3-0: Called Strike 3-1: Fly out, F7 (Flyball, 78D)
|
Top of the 1st over - 0 run(s), 1 hit(s), 0 error(s), 1 left on base; Athletic Club KC Academy 0 - Asheville 0 |
BOTTOM OF THE 1ST |
Asheville Highlanders batting - Pitching for Athletic Club KC Academy : RHP Gabriel Reyes
|
Pitching: RHP Gabriel Reyes
|
|
Batting: RHB Paco Muñóz
|
0-0: Ball 1-0: Foul Ball, location: 2F 1-1: Called Strike 1-2: Ball 2-2: Ball 3-2: Strikes out swinging
|
Batting: RHB Miguel Montoya
|
0-0: Called Strike 0-1: Foul Ball, location: 2F 0-2: SINGLE (Groundball, 25) (infield hit)
|
Batting: RHB Rich Flannery
|
0-0: Ball 1-0: Ball 2-0: Ball 3-0: Base on Balls Miguel Montoya to second
|
Batting: RHB Chris Oudekirk
|
0-0: Foul Ball, location: 2F 0-1: Ball 1-1: Swinging Strike 1-2: Strikes out swinging
|
Batting: RHB Jan Gosselin
|
0-0: Ball 1-0: Foul Ball, location: 2F 1-1: Ball 2-1: Ball 3-1: Base on Balls Miguel Montoya to third Rich Flannery to second
|
Batting: RHB Armando González
|
0-0: SINGLE (Flyball, 8LS) Miguel Montoya scores Rich Flannery to third Jan Gosselin to second Runner from 3rd tries for Home, SAFE, no throw
|
Batting: RHB Ed Lastinger
|
0-0: Foul Ball, location: 2F 0-1: Ball 1-1: Ball 2-1: Ball 3-1: Base on Balls Jan Gosselin to third Armando González to second
|
Batting: RHB Bill Tan
|
0-0: Fly out, F1 (Line Drive, 13)
|
Bottom of the 1st over - 2 run(s), 2 hit(s), 0 error(s), 3 left on base; Athletic Club KC Academy 0 - Asheville 2 |
TOP OF THE 2ND |
Athletic Club KC Academy batting - Pitching for Asheville Highlanders : RHP Ipe Talboom
|
Batting: RHB Andrés Medina
|
0-0: Swinging Strike 0-1: SINGLE (Groundball, 56D)
|
Batting: LHB Héctor Barrios
|
0-0: Called Strike 0-1: Ball 1-1: SINGLE (Line Drive, 6M) Andrés Medina to second
|
Batting: RHB Khal Drogo
|
0-0: Ball 1-0: Ball 2-0: Ball 3-0: Hit by Pitch Andrés Medina to third Héctor Barrios to second
|
Batting: RHB Fernando Rodríguez
|
0-0: Swinging Strike 0-1: Ball 1-1: Ball 2-1: Called Strike 2-2: Ball 3-2: Strikes out swinging
|
Batting: SHB Gerald Merendino
|
0-0: Foul Ball, location: 2F 0-1: Called Strike 0-2: Ball 1-2: SINGLE (Line Drive, 4D) Andrés Medina scores Héctor Barrios to third Khal Drogo to second Runner from 3rd tries for Home, SAFE, no throw
|
Batting: RHB Jesús Vargas
|
0-0: Called Strike Khal Drogo steals 3rd base Gerald Merendino to second 0-1: Ball 1-1: Swinging Strike 1-2: Ball 2-2: Foul Ball, location: 2F 2-2: Foul Ball, location: 2F 2-2: Strikes out looking
|
Batting: LHB Tony García
|
0-0: Swinging Strike 0-1: Called Strike 0-2: Fly out, F4 (Line Drive, 4M)
|
Top of the 2nd over - 2 run(s), 3 hit(s), 0 error(s), 2 left on base; Athletic Club KC Academy 2 - Asheville 2 |
BOTTOM OF THE 2ND |
Asheville Highlanders batting - Pitching for Athletic Club KC Academy : RHP Gabriel Reyes
|
Batting: RHB Marshall Attwood
|
0-0: Ball 1-0: Ball 2-0: Ball 3-0: Called Strike 3-1: Foul Ball, location: 2F 3-2: Base on Balls
|
Batting: RHB Paco Muñóz
|
0-0: Foul Ball, location: 2F 0-1: Ball 1-1: Ball 2-1: Swinging Strike 2-2: Ball 3-2: Base on Balls Marshall Attwood to second
|
Batting: RHB Miguel Montoya
|
0-0: Fly out, F4 (Popup, 3D)
|
Batting: RHB Rich Flannery
|
0-0: Ball 1-0: Ball 2-0: Ball 3-0: Called Strike 3-1: Base on Balls Marshall Attwood to third Paco Muñóz to second
|
Batting: RHB Chris Oudekirk
|
0-0: DOUBLE (Line Drive, 7LS) Marshall Attwood scores Paco Muñóz scores Rich Flannery to third
|
Batting: RHB Jan Gosselin
|
0-0: Ball 1-0: Swinging Strike 1-1: Fly out, F4 (Line Drive, 4M)
|
Batting: RHB Armando González
|
0-0: Ground out 6-3 (Groundball, 6)
|
Bottom of the 2nd over - 2 run(s), 1 hit(s), 0 error(s), 2 left on base; Athletic Club KC Academy 2 - Asheville 4 |
TOP OF THE 3RD |
Athletic Club KC Academy batting - Pitching for Asheville Highlanders : RHP Ipe Talboom
|
Batting: LHB Tsai Ng
|
0-0: Called Strike 0-1: Foul Ball, location: 2F 0-2: Foul Ball, location: 2F 0-2: Ball 1-2: Ball 2-2: Foul Ball, location: 2F 2-2: Foul Ball, location: 2F 2-2: Ground out 4-3 (Groundball, 34)
|
Batting: LHB Matt Herman
|
0-0: Ball 1-0: Ball 2-0: Called Strike 2-1: Ball 3-1: Swinging Strike 3-2: Strikes out swinging
|
Batting: RHB Andrés Medina
|
0-0: Ball 1-0: Ground out 5-3 (Groundball, 56)
|
Top of the 3rd over - 0 run(s), 0 hit(s), 0 error(s), 0 left on base; Athletic Club KC Academy 2 - Asheville 4 |
BOTTOM OF THE 3RD |
Asheville Highlanders batting - Pitching for Athletic Club KC Academy : RHP Gabriel Reyes
|
Batting: RHB Ed Lastinger
|
0-0: Ball 1-0: Ball 2-0: Ball 3-0: Base on Balls
|
Batting: RHB Bill Tan
|
0-0: Called Strike Ed Lastinger is caught stealing 2nd base 0-1: Fly out, F6 (Line Drive, 6M)
|
Batting: RHB Marshall Attwood
|
0-0: Called Strike 0-1: Fly out, F6 (Line Drive, 6)
|
Bottom of the 3rd over - 0 run(s), 0 hit(s), 0 error(s), 0 left on base; Athletic Club KC Academy 2 - Asheville 4 |
TOP OF THE 4TH |
Athletic Club KC Academy batting - Pitching for Asheville Highlanders : RHP Ipe Talboom
|
Batting: LHB Héctor Barrios
|
0-0: Swinging Strike 0-1: Swinging Strike 0-2: Ball 1-2: Strikes out looking
|
Batting: RHB Khal Drogo
|
0-0: Fly out, F8 (Flyball, 89M)
|
Batting: RHB Fernando Rodríguez
|
0-0: Ball 1-0: Ball 2-0: Called Strike 2-1: Foul Ball, location: 2F 2-2: Strikes out swinging
|
Top of the 4th over - 0 run(s), 0 hit(s), 0 error(s), 0 left on base; Athletic Club KC Academy 2 - Asheville 4 |
BOTTOM OF THE 4TH |
Asheville Highlanders batting - Pitching for Athletic Club KC Academy : RHP Gabriel Reyes
|
Batting: RHB Paco Muñóz
|
0-0: Called Strike 0-1: Ball 1-1: Foul Ball, location: 2F 1-2: Ball 2-2: Ball 3-2: Foul Ball, location: 2F 3-2: Foul Ball, location: 2F 3-2: Fly out, F8 (Flyball, 8RD)
|
Batting: RHB Miguel Montoya
|
0-0: Ball 1-0: Swinging Strike 1-1: Ball 2-1: Foul Ball, location: 2F 2-2: Strikes out swinging
|
Batting: RHB Rich Flannery
|
0-0: Ball 1-0: Called Strike 1-1: Hit by Pitch
|
Batting: RHB Chris Oudekirk
|
0-0: Ball 1-0: Called Strike 1-1: Called Strike 1-2: Strikes out swinging
|
Bottom of the 4th over - 0 run(s), 0 hit(s), 0 error(s), 1 left on base; Athletic Club KC Academy 2 - Asheville 4 |
TOP OF THE 5TH |
Athletic Club KC Academy batting - Pitching for Asheville Highlanders : RHP Ipe Talboom
|
Batting: SHB Gerald Merendino
|
0-0: Swinging Strike 0-1: Foul Ball, location: 2F 0-2: Strikes out swinging
|
Batting: RHB Jesús Vargas
|
0-0: Called Strike 0-1: Foul Ball, location: 2F 0-2: Ball 1-2: Strikes out swinging
|
Batting: LHB Tony García
|
0-0: Ball 1-0: Foul Ball, location: 2F 1-1: Foul Ball, location: 2F 1-2: Ball 2-2: Ball 3-2: Foul Ball, location: 2F 3-2: Foul Ball, location: 2F 3-2: Foul Ball, location: 2F 3-2: Fly out, F3 (Line Drive, 3S)
|
Top of the 5th over - 0 run(s), 0 hit(s), 0 error(s), 0 left on base; Athletic Club KC Academy 2 - Asheville 4 |
BOTTOM OF THE 5TH |
Asheville Highlanders batting - Pitching for Athletic Club KC Academy : RHP Gabriel Reyes
|
Batting: RHB Jan Gosselin
|
0-0: Called Strike 0-1: Foul Ball, location: 2F 0-2: DOUBLE (Flyball, 9D)
|
Batting: RHB Armando González
|
0-0: Called Strike 0-1: Ball 1-1: Foul Ball, location: 2F 1-2: Strikes out swinging
|
Batting: RHB Ed Lastinger
|
0-0: Ball 1-0: Foul Ball, location: 2F 1-1: Swinging Strike 1-2: Foul Ball, location: 2F 1-2: Ball 2-2: Ground out 1-3 (Groundball, 13) Jan Gosselin to third
|
Batting: RHB Bill Tan
|
0-0: Ball 1-0: Foul Ball, location: 2F 1-1: Ground out 6-3 (Groundball, 6)
|
Bottom of the 5th over - 0 run(s), 1 hit(s), 0 error(s), 1 left on base; Athletic Club KC Academy 2 - Asheville 4 |
TOP OF THE 6TH |
Athletic Club KC Academy batting - Pitching for Asheville Highlanders : RHP Ipe Talboom
|
Batting: LHB Tsai Ng
|
0-0: SINGLE (Flyball, 7LM)
|
Batting: LHB Matt Herman
|
0-0: Ball 1-0: Swinging Strike 1-1: Called Strike 1-2: Ball 2-2: Ball 3-2: SINGLE (Groundball, 34D) Tsai Ng to second Runner from 2nd tries for 3rd, SAFE, no throw
|
Batting: RHB Andrés Medina
|
0-0: Called Strike 0-1: Ball 1-1: Fly out, F9 (Flyball, 9S) Runner from 3rd tags up, SCORES, throw made
|
Pitching: RHP Bobby Irvine
|
|
Batting: LHB Héctor Barrios
|
0-0: Called Strike 0-1: Foul Ball, location: 2F 0-2: Foul Ball, location: 2F 0-2: Ball 1-2: Ball 2-2: Strikes out swinging
|
Batting: RHB Khal Drogo
|
0-0: Fly out, F9 (Flyball, 9S)
|
Top of the 6th over - 1 run(s), 2 hit(s), 0 error(s), 1 left on base; Athletic Club KC Academy 3 - Asheville 4 |
BOTTOM OF THE 6TH |
Asheville Highlanders batting - Pitching for Athletic Club KC Academy : RHP Gabriel Reyes
|
Batting: RHB Marshall Attwood
|
0-0: Called Strike 0-1: Ball 1-1: Ball 2-1: Called Strike 2-2: Ball 3-2: Foul Ball, location: 2F 3-2: Base on Balls
|
Batting: RHB Paco Muñóz
|
0-0: Called Strike 0-1: Ball 1-1: Ball 2-1: Ball 3-1: Sac Bunt - play at first, batter OUT! 2-4 Marshall Attwood to second
|
Batting: RHB Miguel Montoya
|
0-0: Ball 1-0: Ball 2-0: 2-RUN HOME RUN (Line Drive, 7LD), Distance : 384 ft
|
Pitching: RHP Rubén Rivera
|
|
Batting: RHB Rich Flannery
|
0-0: Ball 1-0: Called Strike 1-1: Foul Ball, location: 2F 1-2: Strikes out looking
|
Batting: RHB Chris Oudekirk
|
0-0: Foul Ball, location: 2F 0-1: Fly out, F9 (Flyball, 9LS)
|
Bottom of the 6th over - 2 run(s), 1 hit(s), 0 error(s), 0 left on base; Athletic Club KC Academy 3 - Asheville 6 |
TOP OF THE 7TH |
Athletic Club KC Academy batting - Pitching for Asheville Highlanders : RHP Bobby Irvine
|
Batting: RHB Fernando Rodríguez
|
0-0: Called Strike 0-1: Ball 1-1: Fly out, F7 (Flyball, 7)
|
Batting: SHB Gerald Merendino
|
0-0: Ball 1-0: Swinging Strike 1-1: Swinging Strike 1-2: Foul Ball, location: 2F 1-2: Foul Ball, location: 2F 1-2: Fly out, F8 (Flyball, 8LM)
|
Batting: RHB Jesús Vargas
|
0-0: Ball 1-0: Ball 2-0: Foul Ball, location: 2F 2-1: Foul Ball, location: 2F 2-2: Strikes out swinging
|
Top of the 7th over - 0 run(s), 0 hit(s), 0 error(s), 0 left on base; Athletic Club KC Academy 3 - Asheville 6 |
BOTTOM OF THE 7TH |
Asheville Highlanders batting - Pitching for Athletic Club KC Academy : RHP Rubén Rivera
|
Batting: RHB Jan Gosselin
|
0-0: Foul Ball, location: 2F 0-1: SINGLE (Groundball, 6MD)
|
Batting: RHB Armando González
|
0-0: Ball 1-0: Ball Jan Gosselin steals 2nd base 2-0: Bunted foul 2-1: Sac Bunt - play at first, batter OUT! 2-4 Jan Gosselin to third
|
Batting: RHB Ed Lastinger
|
0-0: Fly out, F8 (Flyball, 8RS) Runner from 3rd tags up, SCORES, no throw
|
Batting: RHB Bill Tan
|
0-0: Called Strike 0-1: Called Strike 0-2: SINGLE (Groundball, 56D)
|
Batting: RHB Marshall Attwood
|
0-0: Ball 1-0: Foul Ball, location: 2F 1-1: Foul Ball, location: 2F 1-2: Strikes out swinging
|
Bottom of the 7th over - 1 run(s), 2 hit(s), 0 error(s), 1 left on base; Athletic Club KC Academy 3 - Asheville 7 |
TOP OF THE 8TH |
Athletic Club KC Academy batting - Pitching for Asheville Highlanders : RHP Bobby Irvine
|
Batting: LHB Tony García
|
0-0: Called Strike 0-1: Called Strike 0-2: Ball 1-2: Ball 2-2: Foul Ball, location: 2F 2-2: Strikes out swinging
|
Batting: LHB Tsai Ng
|
0-0: Ball 1-0: Ball 2-0: Called Strike 2-1: Fly out, F7 (Flyball, 7S)
|
Batting: LHB Matt Herman
|
0-0: Called Strike 0-1: Called Strike 0-2: Ball 1-2: Ball 2-2: SOLO HOME RUN (Flyball, 7D), Distance : 404 ft
|
Pitching: RHP Luis López
|
|
Batting: RHB Andrés Medina
|
0-0: Ball 1-0: Foul Ball, location: 2F 1-1: Ball 2-1: Swinging Strike 2-2: Ball 3-2: SINGLE (Line Drive, 7LS)
|
Pitching: RHP Luis De La Hoya
|
|
Batting: LHB Héctor Barrios
|
0-0: Ball 1-0: Ball 2-0: Called Strike 2-1: Ball 3-1: Swinging Strike 3-2: Base on Balls Andrés Medina to second
|
Batting: RHB Khal Drogo
|
0-0: Called Strike 0-1: Ball 1-1: Ground out 4-3 (Groundball, 4M)
|
Top of the 8th over - 1 run(s), 2 hit(s), 0 error(s), 2 left on base; Athletic Club KC Academy 4 - Asheville 7 |
BOTTOM OF THE 8TH |
Asheville Highlanders batting - Pitching for Athletic Club KC Academy : RHP Rubén Rivera
|
Batting: RHB Paco Muñóz
|
0-0: Ball 1-0: Ball 2-0: Ball 3-0: Foul Ball, location: 2F 3-1: Called Strike 3-2: Base on Balls
|
Batting: RHB Miguel Montoya
|
0-0: Ball 1-0: Sac Bunt - play at first, batter OUT! 3-4 Paco Muñóz to second
|
Batting: RHB Rich Flannery
|
0-0: Intentional Walk
|
Batting: RHB Chris Oudekirk
|
0-0: Called Strike 0-1: Called Strike 0-2: Ball 1-2: Strikes out swinging
|
Batting: RHB Jan Gosselin
|
0-0: Swinging Strike 0-1: Swinging Strike 0-2: Ball 1-2: Ball 2-2: Foul Ball, location: 2F 2-2: Strikes out swinging
|
Bottom of the 8th over - 0 run(s), 0 hit(s), 0 error(s), 2 left on base; Athletic Club KC Academy 4 - Asheville 7 |
TOP OF THE 9TH |
Athletic Club KC Academy batting - Pitching for Asheville Highlanders : RHP Luis De La Hoya
|
Pitching: RHP Brandeis Göller
|
|
Batting: RHB Fernando Rodríguez
|
0-0: Swinging Strike 0-1: Ball 1-1: SINGLE (Groundball, 56D)
|
Batting: SHB Gerald Merendino
|
0-0: Called Strike 0-1: Swinging Strike 0-2: Foul Ball, location: 2F 0-2: Foul Ball, location: 2F 0-2: SINGLE (Groundball, 23) (infield hit) Fernando Rodríguez to second
|
Batting: RHB Jesús Vargas
|
0-0: Swinging Strike 0-1: Foul Ball, location: 2F 0-2: Strikes out swinging
|
Batting: LHB Tony García
|
0-0: Called Strike 0-1: SINGLE (Groundball, 34D) Fernando Rodríguez to third Gerald Merendino to second
|
Batting: LHB Tsai Ng
|
0-0: Ball 1-0: Ball 2-0: Foul Ball, location: 2F 2-1: SINGLE (Line Drive, 6MD) Fernando Rodríguez scores Gerald Merendino to third Tony García to second
|
Batting: LHB Matt Herman
|
0-0: Ball 1-0: Ball 2-0: Single, Error in OF, E7, batter to second base Gerald Merendino scores Tony García scores Tsai Ng to third
|
Batting: RHB Andrés Medina
|
0-0: Intentional Walk
|
Pitching: RHP Henry Wheeler
|
|
Pinch Hitting: RHB Shintaro Yamada
|
0-0: Swinging Strike 0-1: Swinging Strike 0-2: Grounds into double play, 5-2-3 (Groundball, 2L)
|
Top of the 9th over - 3 run(s), 5 hit(s), 1 error(s), 2 left on base; Athletic Club KC Academy 7 - Asheville 7 |
BOTTOM OF THE 9TH |
Asheville Highlanders batting - Pitching for Athletic Club KC Academy : RHP Rubén Rivera
|
Now at 2B: Mauro Valverde
|
|
Pinch Hitting: SHB Mark Towns
|
0-0: Foul Ball, location: 2F 0-1: Called Strike 0-2: Ball 1-2: Ground out U3 (Groundball, 23)
|
Batting: RHB Ed Lastinger
|
0-0: Called Strike 0-1: Ball 1-1: Ball 2-1: Fly out, F5 (Popup, 5L)
|
Batting: RHB Bill Tan
|
0-0: Foul Ball, location: 2F 0-1: Called Strike 0-2: Foul Ball, location: 2F 0-2: Ball 1-2: Foul Ball, location: 2F 1-2: Ball 2-2: Ball 3-2: Base on Balls
|
Pitching: RHP Greg Patterson
|
|
Batting: RHB Marshall Attwood
|
0-0: Called Strike 0-1: Called Strike 0-2: Ball 1-2: Ball 2-2: Foul Ball, location: 2F 2-2: Foul Ball, location: 2F 2-2: Ball Bill Tan steals 2nd base 3-2: Foul Ball, location: 2F 3-2: Ground out 6-3 (Groundball, 6)
|
Bottom of the 9th over - 0 run(s), 0 hit(s), 0 error(s), 1 left on base; Athletic Club KC Academy 7 - Asheville 7 |
TOP OF THE 10TH |
Athletic Club KC Academy batting - Pitching for Asheville Highlanders : RHP Henry Wheeler
|
Now in LF: Mark Towns
|
|
Batting: RHB Khal Drogo
|
0-0: Ball 1-0: Ball 2-0: Ball 3-0: Called Strike 3-1: SINGLE (Groundball, 6MD)
|
Pinch Hitting: RHB Dani Reyes
|
0-0: Ball 1-0: DOUBLE (Line Drive, 8LM) Khal Drogo to third Khal Drogo scores
|
Pinch Hitting: LHB Byron Vallin
|
0-0: Foul Ball, location: 2F 0-1: Swinging Strike 0-2: DOUBLE (Flyball, 78M) Dani Reyes scores
|
Batting: RHB Jesús Vargas
|
0-0: Ground out 6-3 (Groundball, 56)
|
Batting: LHB Tony García
|
0-0: Ball 1-0: Called Strike 1-1: Ground out 4-3 (Groundball, 4) Byron Vallin to third
|
Batting: LHB Tsai Ng
|
0-0: Called Strike 0-1: DOUBLE (Flyball, 7LD) Byron Vallin scores
|
Pitching: RHP Brandon McAllister
|
|
Batting: LHB Matt Herman
|
0-0: Ball 1-0: Ball 2-0: Called Strike 2-1: Called Strike 2-2: SINGLE (Groundball, 34D) Tsai Ng to third Runner from 3rd tries for Home, SAFE, no throw
|
Batting: RHB Andrés Medina
|
0-0: Ball 1-0: Called Strike 1-1: Ball 2-1: Swinging Strike 2-2: Strikes out swinging
|
Top of the 10th over - 4 run(s), 5 hit(s), 0 error(s), 1 left on base; Athletic Club KC Academy 11 - Asheville 7 |
BOTTOM OF THE 10TH |
Asheville Highlanders batting - Pitching for Athletic Club KC Academy : RHP Greg Patterson
|
Now at 1B: Dani Reyes
|
|
Now in LF: Wilfred Fuller
|
|
Batting: RHB Paco Muñóz
|
0-0: Ball 1-0: Ball 2-0: Called Strike 2-1: Swinging Strike 2-2: Foul Ball, location: 2F 2-2: Foul Ball, location: 2F 2-2: Foul Ball, location: 2F 2-2: Foul Ball, location: 2F 2-2: Ball 3-2: Base on Balls
|
Batting: RHB Miguel Montoya
|
0-0: SINGLE (Line Drive, 7S) Paco Muñóz to second
|
Pitching: RHP Jeremy G. Wentworth
|
|
Batting: RHB Rich Flannery
|
0-0: Called Strike 0-1: Swinging Strike 0-2: Ball 1-2: Fly out, F9 (Flyball, 9LD) Runner from 2nd tags up, SAFE at 3rd, no throw
|
Batting: RHB Chris Oudekirk
|
0-0: Called Strike 0-1: Swinging Strike 0-2: Foul Ball, location: 2F 0-2: Ball 1-2: Strikes out swinging
|
Batting: RHB Jan Gosselin
|
0-0: Called Strike 0-1: Ball 1-1: Ball 2-1: Foul Ball, location: 2F 2-2: Foul Ball, location: 2F 2-2: Fielders Choice at 2nd, 6-4 (Groundball, 6)
|
Bottom of the 10th over - 0 run(s), 1 hit(s), 0 error(s), 1 left on base; Athletic Club KC Academy 11 - Asheville 7 |
|